 Dungeon Crawl Stone Soup version 0.30-a0-782-ge64f9170bb (webtiles) character file.

Game seed: 14998911754244075571

5535 sanka the Grappler (level 9, -4/101 HPs)
             Began as a Troll Monk on Mar 16, 2023.
             Was a Believer of Ru.
             Incinerated by a deep elf pyromancer (5 damage)
             ... with a sticky flame
             ... on level 8 of the Dungeon.
             The game lasted 00:13:00 (7274 turns).

sanka the Grappler (Troll Monk)                     Turns: 7274, Time: 00:13:00

Health: -4/101     AC:  8    Str: 21    XL:     9   Next: 43%
Magic:  8/8        EV:  9    Int:  6    God:    Ru [**....]
Gold:   292        SH:  0    Dex: 16    Spells: 8/8 levels left

rFire   . . .      SeeInvis +      - Unarmed
rCold   . . .      Faith    .    (no shield)
rNeg    . . .      Spirit   .    c - +0 steam dragon scales
rPois   .          Reflect  .    (helmet restricted)
rElec   .          Harm     .    E - +0 cloak
rCorr   .          Rampage  .    (gloves unavailable)
Will    +....                    (boots unavailable)
Stlth   +                        J - amulet of the acrobat
HPRegen 1.16/turn                y - ring of willpower
MPRegen 0.11/turn                g - ring of see invisible

@: on fire, glowing
A: large, unfitting armour, claws 3, regeneration 1, shaggy fur 1, tough skin 1,
inability to train dodging, inexperienced 1
a: Renounce Religion


You were on level 8 of the Dungeon.
You worshipped Ru.
Ru was pleased with you.
You visited 1 branch of the dungeon, and saw 8 of its levels.

You collected 382 gold pieces.
You spent 90 gold pieces at shops.


Innate Abilities, Weirdness & Mutations

You are too large for most types of armour.
You have claws for hands.
Your natural rate of healing is unusually fast.
You are covered in fur. (AC +1)
You have tough skin. (AC +1)
You cannot train Dodging skill.
You are somewhat inexperienced. (-1 XL)


   Skills:
 + Level 9.7 Fighting
 - Level 1.0 Stealth
 + Level 11.5 Unarmed Combat


You had 8 spell levels left.
You didn't know any spells.
Your spell library contained the following spells:

 Spells                   Type           Power      Damage    Failure   Level
 Call Canine Familiar     Summ           0%         N/A       83%         3
 Gell's Gravitas          Tloc           0%         N/A       83%         3
 Portal Projectile        Hex/Tloc       0%         N/A       83%         3
 Teleport Other           Tloc           0%         N/A       83%         3
 Leda's Liquefaction      Hex/Erth       0%         N/A       99%         4
 Summon Forest            Summ/Tloc      0%         N/A       100%        5
 Dispersal                Tloc           0%         N/A       100%        6
 Eringya's Noxious Bog    Tmut/Pois      0%         N/A       100%        6
 Summon Hydra             Summ           0%         N/A       100%        7

Inventory:

Armour
 c - +0 steam dragon scales (worn)
 E - a +0 cloak (worn)
Magical Staves
 C - a staff of earth
 G - a staff of cold
Jewellery
 g - a ring of see invisible (right claw)
 p - a +6 ring of intelligence
 y - a ring of willpower (left claw)
 J - an amulet of the acrobat (around neck)
Wands
 r - a wand of flame (22)
 A - a wand of polymorph (12)
 D - a wand of charming (7)
 F - a wand of quicksilver (16)
 I - a wand of iceblast (6)
Scrolls
 a - a scroll of silence {unknown}
 d - 5 scrolls of enchant weapon
 e - 4 scrolls of teleportation {@r4}
 f - 3 scrolls of noise {!r}
 j - 3 scrolls of poison {!r}
 m - 2 scrolls of blinking {unknown}
 n - a scroll of fog
 s - a scroll of fear
 u - 4 scrolls of amnesia {unknown}
 v - a scroll of vulnerability {!r}
 w - a scroll of enchant armour
 x - 3 scrolls of magic mapping
Potions
 b - 3 potions of ambrosia
 h - a potion of degeneration {unknown}
 i - 2 potions of flight {unknown}
 k - a potion of cancellation {unknown}
 l - 2 potions of curing {@q1}
 o - 4 potions of mutation {unknown}
 q - 2 potions of lignification {unknown}
 t - a potion of might {unknown}
 z - a potion of heal wounds {@q2}
 B - 2 potions of magic {unknown}
 H - 3 potions of resistance {unknown}

Dungeon Overview and Level Annotations

Branches:
Dungeon (8/15)             Temple (0/1) D:6
   Lair: D:8-11

Altars:
Ashenzari
Elyvilon
Ru
Trog
Zin

Shops:
D:6 **

Annotations:
D:3 3 runed translucent doors, UltraNumeron's ghost, amateur GnHs; bmj180's ghost, amateur GrEE

..▒ ▒▒. ... ..▒
▒▒▒..▒ ...c
...▒ .....
..... ...▒
....▒▒ .....
.....
▒...▒▒▒.....
......
▒.†..'.....
..▒..▒
▒...'..e..
▒▒)#▒.... ▒#T▒
. ▒. ▒▒†▒ ▒..
▒..▒ ...▒ ▒▒..▒
....▒ ▒▒..▒▒
.....▒ ▒▒▒...▒▒
▒
▒...▒▒▒......▒
▒▒
▒.......▒...▒
▒.
▒▒.>..▒▒▒▒....▒
..


You could see a centaur.


Message History

The deep elf pyromancer is severely wounded.
The deep elf pyromancer gestures at you while chanting.
The sticky flame hits you!
You are covered in liquid flames!
* * * LOW HITPOINT WARNING * * *
The fire elemental hits you. The fire elemental burns you!
* * * LOW HITPOINT WARNING * * *
The fire elemental hits you. The fire elemental burns you!
* * * LOW HITPOINT WARNING * * *
You scratch the deep elf pyromancer but do no damage.
Your claw misses the deep elf pyromancer.
The deep elf pyromancer is severely wounded.
You are covered in liquid flames!
* * * LOW HITPOINT WARNING * * *
A centaur comes into view. It is wielding a +0 dagger.
The deep elf pyromancer hits you with a +0 long sword.
* * * LOW HITPOINT WARNING * * *
The fire elemental hits you. The fire elemental burns you!
* * * LOW HITPOINT WARNING * * *
The fire elemental hits you. The fire elemental burns you!
* * * LOW HITPOINT WARNING * * *
The centaur shouts!
You claw the deep elf pyromancer!
You kill the deep elf pyromancer!
You are covered in liquid flames!
You die...

Action                     |  1- 3 |  4- 6 |  7- 9 || total
---------------------------+-------+-------+-------++-------
  Melee: Unarmed           |    88 |   137 |   332 ||   557
         Punch             |     3 |     3 |    15 ||    21
 Invoke: Sacrifice Experie |       |     1 |       ||     1
         Sacrifice Nimblen |       |       |     1 ||     1
    Use: Scroll            |       |       |     9 ||     9
   Stab: Sleeping          |     3 |     4 |     2 ||     9
 Armour: Robe              |    24 |    20 |    21 ||    65
         Steam dragon scal |       |       |    54 ||    54
  Dodge: Dodged            |    46 |    45 |   157 ||   248

Levels and vault maps discovered:
D:1:      psy_arrival_radial02, layout_rooms, chequers_serial_rivers_micro_e,
          hangedman_decor_clover_reticule, minmay_misc_feat_tiny,
          corexii_item_surrounded_by_moat, chequers_serial_rivers_large_b
D:2:      layout_loops_corners, minmay_heptomino_w4
D:3:      layout_basic, zin_purify, gammafunk_ghost_cemetery,
          grunt_decor_junction, uniq_grinder
D:4:      layout_loops_cross, mainiacjoe_overflow_alcove_1, uniq_pikel
D:5:      layout_basic, chequers_serial_rivers_micro_d, uniq_eustachio
D:6:      layout_cave_pools, nicolae_overflow_crystal_walls,
          kennysheep_little_box, minmay_temple_entry_gardened_gates,
          nicolae_specific_store, uniq_edmund, uniq_maggie,
          uniq_crazy_yiuf_cottage, uniq_sigmund
D:7:      layout_basic, nicolae_elyvilon_peaceful_grove, serial_glass,
          glass_columns_a, glass_columns_b
D:8:      kennysheep_big_flooded_room, layout_layer_cave,
          mainiacjoe_overflow_chevrons, minmay_diced_spiral, uniq_psyche,
          uniq_prince_ribbit1, uniq_grum

Notes
Turn   | Place    | Note
-------+----------+-------------------------------------------
     0 | D:1      | sanka the Troll Monk began the quest for the Orb.
     0 | D:1      | Reached XP level 1. HP: 22/22 MP: 0/0
   298 | D:1      | Reached XP level 2. HP: 29/29 MP: 1/1
   407 | D:2      | Identified the +9 whip "Boixuec" {flame, Fragile rElec
                  | rC+++ Stlth-}
   417 | D:2      | Reached skill level 3 in Fighting
   422 | D:2      | Reached XP level 3. HP: 31/37 MP: 2/2
   627 | D:1      | Reached skill level 4 in Unarmed Combat
   709 | D:1      | Reached XP level 4. HP: 42/45 MP: 3/3
  1809 | D:3      | Reached XP level 5. HP: 35/54 MP: 4/4
  2050 | D:3      | Reached skill level 4 in Fighting
  2197 | D:3      | Reached skill level 5 in Unarmed Combat
  2564 | D:3      | Noticed Grinder
  2594 | D:3      | Killed Grinder
  2595 | D:3      | Reached XP level 6. HP: 27/65 MP: 5/5
  2641 | D:3      | Found a runed translucent gate.
  2641 | D:3      | Found a runed translucent gate.
  2642 | D:3      | Found a runed translucent gate.
  2644 | D:3      | Noticed UltraNumeron's ghost (amateur GnHs)
  2644 | D:3      | Noticed bmj180's ghost (amateur GrEE)
  2665 | D:3      | Found Zin's Purification Station.
  2665 | D:3      | Found a glowing silver altar of Zin.
  2683 | D:3      | Bought a potion of curing for 90 gold pieces
  3229 | D:4      | Found a sacrificial altar of Ru.
  3285 | D:4      | Reached skill level 5 in Fighting
  3285 | D:4      | Reached skill level 6 in Unarmed Combat
  3285 | D:4      | Reached XP level 7. HP: 54/72 MP: 6/6
  3326 | D:4      | Became a worshipper of Ru the Awakened
  3353 | D:4      | Gained mutation: You are somewhat inexperienced. (-1 XL)
                  | [Ru sacrifice]
  3353 | D:4      | Reached XP level 6. HP: 66/66 MP: 5/5
  3353 | D:4      | Reached * piety under Ru
  3404 | D:4      | Noticed Pikel
  3420 | D:4      | Killed Pikel
  3421 | D:4      | Reached skill level 7 in Unarmed Combat
  3613 | D:5      | Entered Level 5 of the Dungeon
  3626 | D:5      | Reached skill level 6 in Fighting
  3626 | D:5      | Reached XP level 7. HP: 66/75 MP: 6/6
  3656 | D:5      | Noticed Eustachio
  3675 | D:5      | Killed Eustachio
  4090 | D:5      | Reached skill level 8 in Unarmed Combat
  4535 | D:6      | Reached skill level 7 in Fighting
  4746 | D:6      | Noticed Sigmund
  4764 | D:6      | Killed Sigmund
  4765 | D:6      | Reached skill level 9 in Unarmed Combat
  4765 | D:6      | Reached XP level 8. HP: 87/87 MP: 7/7
  4795 | D:6      | Identified +0 steam dragon scales
  4795 | D:6      | Noticed Maggie
  4860 | D:6      | Killed Maggie
  4960 | D:6      | Found a staircase to the Ecumenical Temple.
  5046 | D:6      | Found a runed translucent door.
  5047 | D:6      | Noticed Crazy Yiuf
  5107 | D:6      | Noticed Edmund
  5120 | D:6      | Killed Edmund
  5121 | D:6      | Reached skill level 8 in Fighting
  5190 | D:6      | Found Qeikig's General Store.
  5195 | D:6      | Found Ygatuhy's Specific Store.
  5222 | D:6      | Found a bloodstained altar of Trog.
  5262 | D:6      | Found a broken altar of Ashenzari.
  5475 | D:6      | Killed Crazy Yiuf
  5577 | D:7      | Reached skill level 10 in Unarmed Combat
  5799 | D:7      | Found a white marble altar of Elyvilon.
  6188 | D:7      | Reached skill level 9 in Fighting
  6339 | D:7      | Reached XP level 9. HP: 77/97 MP: 8/8
  6730 | D:8      | Noticed Prince Ribbit
  6749 | D:8      | Killed Prince Ribbit
  6750 | D:8      | Gained mutation: You cannot train Dodging skill. [Ru
                  | sacrifice]
  6750 | D:8      | Reduced skill Dodging to level 0
  6750 | D:8      | Reached ** piety under Ru
  6825 | D:8      | Reached skill level 11 in Unarmed Combat
  6854 | D:8      | Noticed Psyche
  6855 | D:8      | Paralysed by a hornet for 3 turns
  6867 | D:8      | Killed Psyche
  7243 | D:8      | Noticed a deep elf pyromancer
  7273 | D:8      | HP: 1/101 [fire elemental[a deep elf pyromancer] (10)]
  7274 | D:8      | Killed a deep elf pyromancer
  7274 | D:8      | Incinerated by a deep elf pyromancer

Vanquished Creatures
  A deep elf pyromancer (D:8)
  Pikel (D:4)
  Psyche (D:8)
  Maggie (D:6)
  Prince Ribbit (D:8)
  Grinder (D:3)
  Sigmund (D:6)
  A yak (D:8)
  Eustachio (D:5)
  A steam dragon (D:8)
  Edmund (D:6)
  A water moccasin (D:7)
  2 ice beasts
  A black bear (D:6)
  2 orc warriors (D:6)
  2 sky beasts
  A wolf (D:8)
  3 kobold brigands
  3 bullfrogs
  A gnoll sergeant (D:7)
  A scorpion (D:5)
  2 necrophages (D:6)
  9 wights
  10 killer bees
  2 howler monkeys (D:8)
  2 hounds (D:5)
  Crazy Yiuf (D:6)
  2 gnoll boudas
  2 orc priests
  10 iguanas
  7 orc wizards
  25 gnolls
  9 adders
  A shadow imp (D:8)
  A worm (D:3)
  A dart slug (D:1)
  17 orcs
  7 endoplasms
  7 giant cockroaches
  9 goblins
  9 hobgoblins
  20 kobolds
  5 quokkas
  6 ball pythons
  6 bats
  6 frilled lizards
  5 rats
209 creatures vanquished.
